 Dungeon Crawl Stone Soup version 0.27-a0-1090-gb115f176c6 (webtiles) character file.

Game seed: 12406582109417296373

5931 robertstho the Thaumaturge (level 10, 0/64 HPs)
             Began as a Djinni Fire Elementalist on Apr 27, 2021.
             Was an Initiate of Ashenzari.
             Slain by an orc warrior
             ... wielding a +0 hand axe
              (12 damage)
             ... on level 9 of the Dungeon.
             The game lasted 00:16:24 (11229 turns).

robertstho the Thaumaturge (DjFE)                  Turns: 11229, Time: 00:16:27

Health: 0/64       AC:  9    Str:  7    XL:     10   Next: 83%
Gold:   82         EV: 18    Int: 24    God:    Ashenzari [......] SH:  0 Dex: 15

rFire    + + .     SeeInvis .   n - +9 short sword of Ashenzari's Sun {protect, Int+5, Cun, Evo} (curse)
rCold    x . .     Faith    .   (no shield)
rNeg     . . .     Spirit   .   a - +0 robe
rPois    ∞         Reflect  .   D - +0 hat {Will+}
rElec    .         Harm     .   y - +2 cloak {Stlth+}
rCorr    .         Rampage  .   (no gloves)
Will     ++...                  (boots unavailable)
Stlth    ++++......             (no amulet)
HPRegen  0.20/turn              l - +4 ring of evasion
MPRegen  0.00/turn              b - +4 ring of protection

@: flying, studying Crossbows
A: fire resistance 2, cold vulnerability 1, float, innate caster, hp casting,
extra vitality 1
a: Renounce Religion, Shatter the Chains


You were on level 9 of the Dungeon.
You worshipped Ashenzari.
Ashenzari was noncommittal.
You visited 2 branches of the dungeon, and saw 10 of its levels.

You collected 420 gold pieces.
You spent 338 gold pieces at shops.

Inventory:

Hand Weapons
 e - a +3 scimitar of flaming
 n - the cursed +9 short sword of Ashenzari's Sun (weapon) {protect, Int+5, Cun, Evo}
   (You found it on level 2 of the Dungeon)

   It grants its wielder temporary protection when it strikes (+7 to AC).
   It affects your intelligence (+5).
   It has a curse which improves the following skills: Cunning: Dodging and
   Stealth.
   Evocations: Evocations.
Armour
 a - a +0 robe (worn)
 y - a +2 cloak of stealth (worn)
 D - a +0 hat of willpower (worn)
Jewellery
 b - a +4 ring of protection (right hand)
 g - a ring of see invisible
 k - a ring of ice
 l - a +4 ring of evasion (left hand)
 m - a +6 ring of strength
 x - a ring of fire
Wands
 C - a wand of iceblast (15)
Scrolls
 d - 3 scrolls of enchant armour
 i - 5 scrolls of teleportation
 o - 2 scrolls of magic mapping
 p - 2 scrolls of immolation
 q - a scroll of enchant weapon
 v - a scroll of vulnerability
 w - 2 scrolls of fog
 B - 2 scrolls of holy word
Potions
 c - 3 potions of invisibility
 f - 2 potions of haste
 h - a potion of heal wounds
 j - a potion of might
 r - a potion of brilliance
 t - a potion of attraction
 u - 2 potions of ambrosia
 z - a potion of cancellation
 A - 3 potions of curing


   Skills:
 + Level 2.1 Fighting
 + Level 4.7(5.2) Dodging
 + Level 4.7(5.2) Stealth
 + Level 12.2 Spellcasting


You had 8 spell levels left.
You knew the following spells:

 Your Spells              Type           Power      Damage    Failure   Level
a - Foxfire               Conj/Fire      100%       2x1d9     1%          1
b - Conjure Flame         Conj/Fire      65%        6-21      1%          3
c - Inner Flame           Hex/Fire       65%        N/A       1%          3
d - Sticky Flame          Conj/Fire      65%        2d8       1%          4
e - Fireball              Conj/Fire      32%        3d14      1%          5
f - Sting                 Tmut/Pois      100%       1d8       1%          1
g - Static Discharge      Conj/Air       65%        N/A       1%          2
h - Ensorcelled Hibernat  Hex/Ice        100%       N/A       1%          2
i - Animate Armour        Summ/Erth      100%       N/A       1%          4
Your spell library was empty.

Dungeon Overview and Level Annotations

Branches:
Dungeon (9/15)             Temple (1/1) D:7
   Lair: D:8-11         Orc: D:9-12

Altars:
Ashenzari
Elyvilon
Hepliaklqana
Makhleb
Nemelex Xobeh
Qazlal
Vehumet
Wu Jian
Xom
Yredelemnul

Shops:
D:8 *((!


Innate Abilities, Weirdness & Mutations

You are immune to poison.
Your flesh is very heat resistant. (rF++)
You are vulnerable to cold. (rC-)
You float through the air rather than walking.
You learn spells naturally, not from books.
Your magical power is your life essence.
You have superior vitality. (+4 HP)


Message History

Unknown command.
Casting: Fireball (dangerous; 1% risk of failure)
Confirm with . or Enter, or press ? or * to list all spells.
Aiming: Fireball (dangerous; 1% risk of failure)
Press: ? - help, Shift-Dir - straight line, f - two-headed ogre
Aim: a two-headed ogre, wielding a +0 giant spiked club and a +0 dire flail (heavily wounded)
The fireball explodes!
The fireball engulfs the two-headed ogre!!
The two-headed ogre is almost dead.
The orc warrior barely misses you.
Casting: Fireball (dangerous; 1% risk of failure)
Confirm with . or Enter, or press ? or * to list all spells.
Aiming: Sticky Flame (safe; 1% risk of failure)
Press: ? - help, Shift-Dir - straight line, f/p - two-headed ogre
Aim: a two-headed ogre, wielding a +0 giant spiked club and a +0 dire flail (almost dead, 100% to hit)
The sticky flame hits the two-headed ogre.
The two-headed ogre is almost dead.
The two-headed ogre is covered in liquid flames!
The two-headed ogre burns!
The orc warrior barely misses you. The two-headed ogre closely misses you.
The two-headed ogre hits you with a +0 dire flail!!
The two-headed ogre burns!
The kobold brigand throws a curare-tipped dart.
The curare-tipped dart completely misses you.
The orc warrior hits you with a +0 hand axe!
* * * LOW HITPOINT WARNING * * *
Casting: Sticky Flame (safe; 1% risk of failure)
Confirm with . or Enter, or press ? or * to list all spells.
Aiming: Sticky Flame (safe; 1% risk of failure)
Press: ? - help, Shift-Dir - straight line, f - orc warrior, p - two-headed ogre
Aim: an orc warrior, wielding a +0 hand axe and wearing a +0 chain mail (heavily wounded, 100% to hit)
The sticky flame hits the orc warrior but does no damage.
The orc warrior is heavily wounded.
The orc warrior is covered in liquid flames!
* * * LOW HITPOINT WARNING * * *
The orc warrior burns!
The two-headed ogre burns!
You kill the two-headed ogre!
A wyvern comes into view.
The orc warrior hits you with a +0 hand axe!
You die...

##...l# #.....# .#
#..<..# .##.
#.....# .....
#...).##.....
#............
#######.Ko..).....
##....##.@.))......
#.....#####)##....
#<....##..v.# #
##....##....##
##)...##.....#
#............#
#............#
#............#
###...##...### .


You could see an orc warrior (burning), a wyvern and a kobold brigand.

Vanquished Creatures
  Gastronok (D:8)
  Erica (D:9)
  A two-headed ogre (D:9)
  A hornet (D:9)
  A shadow (D:7)
  2 yaks (D:8)
  3 vampire mosquitoes (D:7)
  A water moccasin (D:8)
  2 sky beasts
  3 ice beasts
  2 orc warriors
  2 ogres
  A wolf (D:8)
  2 centaurs (D:6)
  2 kobold brigands (D:8)
  Blork the orc (D:6)
  4 bullfrogs
  2 scorpions
  14 wights
  A howler monkey (D:8)
  A bullfrog zombie (D:4)
  Crazy Yiuf (D:3)
  A centaur skeleton (D:7)
  A bullfrog skeleton (D:2)
  2 orc priests (D:9)
  An iguana (D:4)
  2 orc wizards
  2 centaur simulacra (D:8)
  A hound skeleton (D:4)
  2 killer bee simulacra (D:8)
  4 gnolls
  3 adders
  4 white imps
  An ufetubus (D:5)
  2 worms
  A dart slug (D:2)
  20 orcs
  6 bats
  7 endoplasms
  6 giant cockroaches
  8 goblins
  4 hobgoblins
  14 jackals
  3 quokkas
  10 ball pythons
  4 frilled lizards
  13 kobolds
  2 rats
173 creatures vanquished.

Vanquished Creatures (others)
  718 foxfires
  2 fungi (D:3)
  5 plants (D:8)
725 creatures vanquished.

Grand Total: 898 creatures vanquished

Notes
Turn   | Place    | Note
-------+----------+-------------------------------------------
     0 | D:1      | robertstho the Djinni Fire Elementalist began the quest for
                  | the Orb.
     0 | D:1      | Reached XP level 1. HP: 15/15 MP: 0/0
   268 | D:1      | Reached skill level 3 in Spellcasting
   268 | D:1      | Reached XP level 2. HP: 17/21 MP: 0/0
   660 | D:1      | Reached XP level 3. HP: 9/25 MP: 0/0
   660 | D:1      | Learned a level 1 spell: Sting
  2027 | D:2      | Reached XP level 4. HP: 25/31 MP: 0/0
  2162 | D:2      | Reached skill level 4 in Spellcasting
  2912 | D:2      | Reached XP level 5. HP: 33/35 MP: 0/0
  2912 | D:2      | Learned a level 2 spell: Static Discharge
  2990 | D:2      | Identified the +9 short sword of Jegaphon {protect, Int+5}
  3285 | D:3      | You are sucked into a shaft and drop 3 floors!
  3286 | D:6      | Noticed a centaur
  3286 | D:6      | Noticed a centaur
  3291 | D:6      | Killed a centaur
  3300 | D:6      | Killed a centaur
  3301 | D:6      | Reached skill level 5 in Spellcasting
  3301 | D:6      | Reached XP level 6. HP: 8/41 MP: 0/0
  3619 | D:6      | Noticed a sky beast
  3625 | D:6      | Killed a sky beast
  3737 | D:6      | Reached XP level 7. HP: 43/46 MP: 0/0
  3737 | D:6      | Learned a level 2 spell: Ensorcelled Hibernation
  3778 | D:6      | Reached skill level 1 in Fighting
  4066 | D:6      | Noticed Blork the orc
  4076 | D:6      | Killed Blork the orc
  4077 | D:6      | Reached skill level 6 in Spellcasting
  4087 | D:5      | Entered Level 5 of the Dungeon
  4521 | D:5      | Found a basalt altar of Yredelemnul.
  4524 | D:5      | Found a burning altar of Makhleb.
  4527 | D:5      | Found a white marble altar of Elyvilon.
  5761 | D:4      | Found a stormy altar of Qazlal.
  5761 | D:4      | Found a hazy altar of Hepliaklqana.
  6139 | D:3      | Found a blossoming altar of Fedhas.
  6141 | D:3      | Found a shimmering altar of Xom.
  6141 | D:3      | Found a sparkling altar of Nemelex Xobeh.
  6143 | D:3      | Found a hazy altar of Hepliaklqana.
  6143 | D:3      | Found a white marble altar of Elyvilon.
  6520 | D:3      | Reached XP level 8. HP: 48/52 MP: 0/0
  6768 | D:3      | Found a runed translucent door.
  6769 | D:3      | Noticed Crazy Yiuf
  6777 | D:3      | Killed Crazy Yiuf
  7065 | D:6      | Reached skill level 7 in Spellcasting
  7824 | D:7      | Found a staircase to the Ecumenical Temple.
  7879 | Temple   | Entered the Ecumenical Temple
  7892 | Temple   | Became a worshipper of Ashenzari the Shackled
  7988 | D:7      | Noticed a shadow
  7995 | D:7      | Killed a shadow
  7996 | D:7      | Reached skill level 8 in Spellcasting
  8096 | D:7      | Reached XP level 9. HP: 41/58 MP: 0/0
  8096 | D:7      | Learned a level 4 spell: Animate Armour
  8499 | D:7      | Reached skill level 9 in Spellcasting
  9292 | D:8      | Noticed Gastronok
  9514 | D:8      | Found Vekhesat's General Store.
  9601 | D:8      | Reached skill level 10 in Spellcasting
 10108 | D:8      | Reached XP level 10. HP: 38/64 MP: 0/0
 10305 | D:8      | Killed Gastronok
 10306 | D:8      | Reached skill level 11 in Spellcasting
 10607 | D:8      | Found Aloc Hie's Distillery.
 10615 | D:8      | Bought a potion of curing for 39 gold pieces
 10615 | D:8      | Bought a potion of heal wounds for 65 gold pieces
 10615 | D:8      | Bought a potion of curing for 39 gold pieces
 10615 | D:8      | Bought a potion of brilliance for 52 gold pieces
 10615 | D:8      | Bought a potion of flight for 39 gold pieces
 10615 | D:8      | Bought a potion of cancellation for 104 gold pieces
 10661 | D:8      | Found Deagan's Antique Weapon Shop.
 10725 | D:8      | Found Verenk's Antique Weapon Shop.
 10933 | D:9      | Noticed Erica
 10939 | D:9      | Killed Erica
 11052 | D:9      | Reached skill level 12 in Spellcasting
 11220 | D:9      | Noticed a two-headed ogre
 11229 | D:9      | Killed a two-headed ogre
 11229 | D:9      | Slain by an orc warrior

Illustrated notes

Levels and vault maps discovered:
D:1:      moated_graveyard_arrival, layout_basic
D:2:      layout_loops_ring, kennysheep_crisscross, minmay_stone_trees_small,
          minivault_5
D:3:      layout_loops_ring, doesnt_xom_only_xom, minmay_misc_feat_hallway,
          uniq_crazy_yiuf_cottage
D:4:      layout_cave_pods, gammafunk_temple_overflow_elements
D:5:      layout_loops_cross, grunt_temple_overflow_diamond
D:6:      layout_loops_ring, glass_columns_a, hangedman_decor_opposing,
          minmay_manual_mares, uniq_blork_the_orc
D:7:      layout_loops_ring, minmay_temple_entry_wispy, st_stairs_12
D:8:      layout_loops_cross, serial_ice, serial_ice_o, serial_ice_b,
          serial_ice_h, serial_ice_e, serial_shops, nicolae_shop_waterfront,
          nicolae_shop_statue_plus, nicolae_shop_overgrown_old_shop, shop,
          uniq_gastronok
D:9:      layout_gridville, david_lair_shrubbed, uniq_erica
Temple:   eino_temple_scatter_basement

Skill      XL: |  1  2  3  4  5  6  7  8  9 10 |
---------------+-------------------------------+-----
Spellcasting   | 3 4 5 6 8 10 12 | 12.2
Stealth        | 2 3 4 |  4.7
Dodging        | 3 4 |  4.7
Fighting       | 1 2 |  2.1

Action                   |  1- 3 |  4- 6 |  7- 9 | 10-12 || total
-------------------------+-------+-------+-------+-------++-------
Melee: Unarmed           |     1 |       |       |       ||     1
       Short sword       |       |       |    10 |     1 ||    11
 Cast: Foxfire           |    85 |    80 |   268 |    26 ||   459
       Sticky Flame      |       |     2 |     9 |     5 ||    16
       Fireball          |       |       |    16 |    11 ||    27
       Static Discharge  |       |       |       |     3 ||     3
       Ensorcelled Hiber |       |       |       |     1 ||     1
Invok: Curse Item        |       |       |     1 |       ||     1
  Use: Potion            |       |     2 |     3 |       ||     5
       Scroll            |       |       |     7 |       ||     7
 Stab: Sleeping          |       |       |       |     1 ||     1
Armor: Robe              |     4 |     4 |     3 |     3 ||    14
Dodge: Dodged            |    30 |     8 |    32 |    15 ||    85

Table legend: (Time is in decaauts)
 A = Elapsed time spent in this place.
 B = Non-inter-level travel time spent in this place.
 C = Inter-level travel time spent in this place.
 D = Time resting spent in this place.
 E = Time spent auto-exploring this place.
 F = Levels seen in this place.
 G = Mean time per level.
                   A        B        C        D        E       F      G
               +--------+--------+--------+--------+--------+-----+--------+
         Total |  11209 |  10747 |    462 |    676 |   8992 |  10 | 1120.9 |
       Dungeon |  11185 |  10734 |    451 |    676 |   8983 |   9 | 1242.8 |
        Temple |     23 |     13 |     10 |      0 |      9 |   1 |   23.0 |
               +--------+--------+--------+--------+--------+-----+--------+

Top non-repeatable levels by time:
     D:1: 1931 daAuts
     D:8: 1686 daAuts
     D:7: 1649 daAuts
     D:6: 1423 daAuts
     D:2: 1326 daAuts
     D:3: 979 daAuts
     D:4: 952 daAuts
     D:5: 941 daAuts
     D:9: 295 daAuts
  Temple: 23 daAuts
